 Dungeon Crawl Stone Soup version 0.29.1-12-g30fa7ad0bf (webtiles) character file.

Game seed: 11858251146692425582

3309 nightchill the Cleaver (level 9, 0/82 (85) HPs)
             Began as a Minotaur Fighter on Dec 21, 2022.
             Was a Follower of Wu Jian.
             Slain by a wight
             ... wielding a +5 halberd
              (8 damage)
             ... on level 8 of the Dungeon.
             The game lasted 00:17:52 (7315 turns).

nightchill the Cleaver (Minotaur Fighter)           Turns: 7315, Time: 00:17:53

HP:   0/82 (85)     AC: 12    Str: 25    XL:     9   Next: 70%
MP:   4/8           EV:  9    Int:  5    God:    Wu Jian [*.....]
Gold: 437           SH:  4    Dex: 10    Spells: 8/8 levels left

rFire   + . .      SeeInvis .   a - +0 war axe
rCold   + . .      Faith    .   c - +0 buckler
rNeg    . . .      Spirit   .   K - +0 scale mail
rPois   .          Reflect  .   (helmet restricted)
rElec   .          Harm     .   h - scarf {rC+ rF+}
rCorr   .          Rampage  .   (no gloves)
Will    .....                   N - +0 pair of boots
Stlth   ..........              (no amulet)
HPRegen 0.23/turn               e - +4 ring of protection
MPRegen 0.11/turn               (no ring)

@: brilliant, attractive, lightly drained
A: horns 2, retaliatory headbutt
a: Renounce Religion


You were on level 8 of the Dungeon.
You worshipped Wu Jian.
Wu Jian was aware of your devotion.
You visited 2 branches of the dungeon, and saw 10 of its levels.
You also visited: Sewer.

You collected 437 gold pieces.

Inventory:

Hand Weapons
 a - a +0 war axe (weapon)
 b - a +3 dagger of venom
 w - the +9 hand axe of Execution {antimagic, rC- Will+ Int+4}
   (You found it on level 4 of the Dungeon)

   It reduces the magical energy of the wielder, and disrupts the spells and
   magical abilities of those it strikes.
   Natural abilities and divine invocations are not affected.
   Int:       It affects your intelligence (+4).
   rC:        It makes you vulnerable to cold.
   Will:      It increases your willpower.
 C - a +0 battleaxe
Missiles
 q - 3 atropa-tipped darts (quivered)
 s - 32 poisoned darts
 F - 6 javelins
Armour
 c - a +0 buckler (worn)
 h - a scarf of resistance (worn)
 I - a +0 cloak
 K - a +0 scale mail (worn)
 N - a +0 pair of boots (worn)
Magical Staves
 j - a staff of death
Jewellery
 e - a +4 ring of protection (left hand)
 G - a ring of protection from cold
Wands
 A - a wand of polymorph (5)
 P - a wand of mindburst (23)
 Q - a wand of flame (15)
Scrolls
 d - a scroll of silence {unknown}
 f - a scroll of acquirement {unknown}
 k - 11 scrolls of identify {unknown}
 l - a scroll of blinking {unknown}
 m - 2 scrolls of fear {unknown}
 t - 2 scrolls of fog {unknown}
 y - 2 scrolls of poison {unknown}
 D - 4 scrolls of teleportation {unknown}
 J - a scroll of brand weapon {unknown}
 L - a scroll of immolation {unknown}
 M - a scroll of noise {unknown}
Potions
 g - 3 potions of attraction
 i - 5 potions of curing
 n - a potion of magic {unknown}
 o - 2 potions of lignification {unknown}
 p - a potion of cancellation {unknown}
 r - 3 potions of resistance
 u - 2 potions of ambrosia {unknown}
 x - 2 potions of heal wounds {unknown}
 z - 2 potions of invisibility {unknown}
 B - 2 potions of flight {unknown}
 E - 6 potions of brilliance
 H - 2 potions of mutation {unknown}
 O - a potion of degeneration {unknown}


   Skills:
 + Level 10.2 Fighting
 * Level 13.5 Axes
 - Level 3.6 Armour
 - Level 3.6 Shields


You had 8 spell levels left.
You didn't know any spells.
Your spell library contained the following spells:

 Spells                   Type           Power      Damage    Failure   Level
 Apportation              Tloc           0%         N/A       86%         1
 Beastly Appendage        Tmut           0%         N/A       86%         1
 Magic Dart               Conj           0%         1d3       86%         1
 Necrotise                Necr           0%         1d4       86%         1
 Shock                    Conj/Air       0%         1d3       86%         1
 Summon Small Mammal      Summ           0%         N/A       86%         1
 Call Imp                 Summ           0%         N/A       94%         2
 Scorch                   Fire           0%         2d5       94%         2
 Wereblood                Tmut           0%         N/A       94%         2
 Mephitic Cloud           Conj/Pois/Air  0%         N/A       99%         3
 Spider Form              Tmut/Pois      0%         N/A       99%         3
 Swiftness                Air            0%         N/A       99%         3
 Airstrike                Air            0%         2d(0-16)  100%        4
 Flame Wave               Conj/Fire      0%         2d4       100%        4
 Summon Cactus Giant      Summ           0%         N/A       100%        6


Dungeon Overview and Level Annotations

Branches:
Dungeon (9/15)             Temple (1/1) D:5           Sewer (visited)
   Lair: D:8-11         Orc: D:9-12

Altars:
Fedhas
Gozag
Hepliaklqana
Nemelex Xobeh
Okawaru
Qazlal
Trog
Vehumet
Wu Jian
Xom

Shops:
D:3 (


Innate Abilities, Weirdness & Mutations

You have a pair of horns on your head.
You reflexively headbutt those who attack you in melee.


Message History

The Council accepts your kill.
The wight hits you from afar with a +5 halberd.
You feel drained.
You lunge at the orc.
You barely miss the orc. You hit the wight.
The wight hits you with a +5 halberd!
You feel drained. The orc hits you but does no damage.
Things that are here:
a +5 falchion; a +0 robe You slash the wight!
The wight is severely damaged.
You hit the orc. The wight hits you but does no damage. The orc misses you.
You closely miss the wight.
The wight is severely damaged.
You barely miss the orc. The orc completely misses you.
You block the wight's attack.
You hit the wight but do no damage.
The wight is severely damaged.
You hit the orc.
You kill the orc!
The Council accepts your kill.
You can now lightly attack monsters by moving around them.
The wight hits you with a +5 halberd!
* * * LOW HITPOINT WARNING * * *
The wight attacks as you move away! The wight hits you with a +5 halberd!
* * * LOW HITPOINT WARNING * * *
The orc wizard attacks as you move away!
The orc wizard hits you but does no damage.
The orc wizard casts a spell.
The orc wizard flickers and vanishes!
Deactivating autopickup; reactivate with Ctrl-A.
You block the wight's attack.
It was a potion of brilliance.
You feel clever all of a sudden.
The wight hits you from afar with a +5 halberd.
* * * LOW HITPOINT WARNING * * *
It was a potion of attraction.
You feel attractive to monsters. Something hits you but does no damage.
The wight hits you from afar with a +5 halberd!
You die...

... . .. .# #.# ##.
..... #.. .. #...# #..#.
#...# .####...### #...#
..........# #...#
###.##†##D### #...#
.......@)zo.#####...####
.##.#..##zz...[.........
...#..#..o........>....
.#.........)............
###..####.#####...####
#####.........# #...#
............#.# #...#
#####.?#####)###...#
........##...)o.z.o.#


You could see a steam dragon, 3 wights and 2 orcs.

Vanquished Creatures
  Joseph (D:7)
  Maggie (D:8)
  A cane toad (shapeshifter) (D:8)
  Sigmund (D:7)
  Edmund (D:7)
  An orc warrior (D:6)
  A sky beast (D:8)
  2 ogres
  A centaur (D:8)
  A phantom (D:6)
  Blork the orc (D:5)
  A bullfrog (D:7)
  3 necrophages
  3 scorpions
  7 wights (D:8)
  4 hounds
  An orc priest (D:4)
  A jelly (D:6)
  4 iguanas
  6 orc wizards
  3 gnolls (D:3)
  11 river rats
  6 adders
  A shadow imp (D:6)
  A white imp (D:6)
  A dart slug (D:5)
  21 orcs
  7 endoplasms
  6 giant cockroaches
  4 goblins
  5 hobgoblins
  2 jackals (D:2)
  4 quokkas
  10 ball pythons
  2 bats
  7 frilled lizards
  9 kobolds
  19 rats
161 creatures vanquished.

Vanquished Creatures (others)
  8 fungi (D:4)
  A plant (D:7)
  3 toadstools (D:4)
12 creatures vanquished.

Grand Total: 173 creatures vanquished

Notes
Turn   | Place    | Note
-------+----------+-------------------------------------------
     0 | D:1      | nightchill the Minotaur Fighter began the quest for the
                  | Orb.
     0 | D:1      | Reached XP level 1. HP: 19/19 MP: 0/0
   214 | D:1      | Reached skill level 3 in Axes
   243 | D:1      | Reached XP level 2. HP: 27/27 MP: 1/1
  1219 | D:2      | Reached XP level 3. HP: 32/33 MP: 2/2
  1539 | D:2      | Reached skill level 4 in Axes
  1723 | D:3      | Reached XP level 4. HP: 24/41 MP: 3/3
  2006 | D:3      | Found Meomus's Antique Weapon Shoppe.
  2151 | D:3      | Found a faded altar of an unknown god.
  2206 | D:3      | Found a stormy altar of Qazlal.
  2252 | D:3      | Found a blossoming altar of Fedhas.
  2328 | D:3      | Reached skill level 5 in Axes
  2352 | D:3      | Found a glowing drain.
  2357 | Sewer    | Entered a sewer
  2596 | Sewer    | Reached XP level 5. HP: 46/47 MP: 4/4
  2609 | Sewer    | Reached skill level 5 in Fighting
  2722 | Sewer    | Reached skill level 6 in Axes
  3403 | D:4      | Reached XP level 6. HP: 53/56 MP: 5/5
  3732 | D:4      | Reached skill level 7 in Axes
  4157 | D:4      | Identified the +9 hand axe of Execution {antimagic, rC-
                  | Will+ Int+4}
  4237 | D:4      | Reached XP level 7. HP: 60/63 MP: 6/6
  4492 | D:5      | Entered Level 5 of the Dungeon
  4499 | D:5      | Reached skill level 8 in Axes
  4659 | D:5      | Noticed Blork the orc
  4691 | D:5      | Killed Blork the orc
  5082 | D:5      | Reached skill level 9 in Axes
  5082 | D:5      | Found a staircase to the Ecumenical Temple.
  5138 | Temple   | Entered the Ecumenical Temple
  5244 | Temple   | Became a worshipper of the Wu Jian Council
  5506 | D:6      | Reached XP level 8. HP: 73/73 MP: 7/7
  5680 | D:6      | Reached skill level 10 in Axes
  6475 | D:7      | Noticed Joseph
  6490 | D:7      | HP: 3/74 [Joseph/+0 quarterstaff (15)]
  6491 | D:7      | Killed Joseph
  6492 | D:7      | Reached skill level 11 in Axes
  6959 | D:7      | Noticed Edmund
  6959 | D:7      | Noticed Sigmund
  6967 | D:7      | Killed Sigmund
  6968 | D:7      | Reached XP level 9. HP: 75/83 MP: 4/8
  6970 | D:7      | Killed Edmund
  6971 | D:7      | Reached skill level 12 in Axes
  6973 | D:7      | You fall into a shaft and drop 2 floors!
  7040 | D:8      | Noticed a cane toad
  7059 | D:8      | Killed a cane toad
  7264 | D:8      | Noticed Maggie
  7287 | D:8      | Killed Maggie
  7288 | D:8      | Reached skill level 10 in Fighting
  7288 | D:8      | Reached skill level 13 in Axes
  7312 | D:8      | Reached * piety under Wu Jian
  7315 | D:8      | Slain by a wight

Illustrated notes

Levels and vault maps discovered:
D:1:      giann_bridges, layout_basic
D:2:      layout_loops_corners
D:3:      layout_basic, grunt_temple_overflow_forces_of_nature,
          basic_ecumenical_altar, portal_sewer_entry_e, serial_shops,
          nicolae_shop_hallway_plus
D:4:      layout_rooms, minmay_gold_behind_fungi
D:5:      layout_basic, minmay_temple_entry_large_hall, minivault_14,
          uniq_blork_the_orc
D:6:      layout_gridville
D:7:      layout_rooms, sigmund_edmund_badplayer, uniq_joseph
D:8:      layout_loops_cross, lair_entry_dummy, nicolae_titane, uniq_maggie
D:9:      layout_rooms, grunt_temple_overflow_open, erik_orc_4, serial_shops,
          shop, grunt_ministairs_8
Temple:   nicolae_temple_slightly_damp_pantheon

Skill      XL: |  1  2  3  4  5  6  7  8  9 |
---------------+----------------------------+-----
Axes           | 3 4 5 6 7 9 11 13 | 13.5
Fighting       | 4 5 6 7 9 10 | 10.2
Armour         | |  3.6
Shields        | |  3.6

Action                   |  1- 3 |  4- 6 |  7- 9 || total
-------------------------+-------+-------+-------++-------
Melee: War axe           |    73 |   153 |   165 ||   391
       Headbutt          |     8 |    16 |    33 ||    57
       Dagger            |       |     3 |     6 ||     9
       Hand axe          |       |       |    18 ||    18
Throw: Dart              |       |       |     1 ||     1
Invok: Lunge             |       |       |    10 ||    10
  Use: Potion            |       |     1 |     3 ||     4
Armor: Scale mail        |    30 |    64 |    86 ||   180
Dodge: Dodged            |    33 |    47 |    66 ||   146
Block: Buckler           |    16 |    33 |    29 ||    78
